Americans vs Punishers

Created - October 27, 2024 at 19:52

Goals
1 2 3 T
Americans 3 0 2 5
Punishers 1 1 1 3
Shots
1 2 3 T
Americans 15 8 9 32
Punishers 10 8 12 30

1st period

1. Americans , Kevin Fiala 2 (Justin Bailey 2) at 13:11
2. Americans , Teemu Pulkkinen 3 (Jonas Brodin 4, Connor Hellebyuk) at 14:22 (PP)
3. Punishers , Kurtis Gabriel 3 (Daniel Audette 4, Nicolas Beaudin 1) at 14:32
4. Americans , Kevin Fiala 3 (Matt Grzelcyk 2, Justin Bailey 3) at 16:04

Penalties :
Karson Kuhlman (Pro) for Tripping (Minor) at 13:14

2nd period

5. Punishers , Oskar Lindblom 3 (Karson Kuhlman 3, Kole Lind 3) at 1:27

Penalties :
Kole Lind (Pro) for Tripping (Minor) at 2:45, Kole Lind (Pro) for Interference (Minor) at 7:40

3rd period

6. Punishers , Kole Lind 2 (Ben Betker 2, Oskar Lindblom 2) at 2:10 (PP)
7. Americans , Ryan Fitzgerald 1 (Justin Bailey 4, Kevin Fiala 2) at 9:20
8. Americans , Jonas Brodin 1 (Ryan Fitzgerald 3, Connor Hellebyuk) at 12:59 (PP)

Penalties :
Dillon Heatherington (Roc) for Roughing (Minor) at 2:03, Ryan Suzuki (Pro) for Roughing (Minor) at 12:04, Adam Ruzicka (Pro) for Tripping (Minor) at 16:58

Goalie Stats

Connor Hellebyuk (Roc), 27 saves from 30 shots - (0.900), W, 2-1-0, 60:00 minutes
Antoine Bibeau (Pro), 27 saves from 32 shots - (0.844), L, 1-2-0, 60:00 minutes

Players Stats for Americans

Player Name              G  A  P  +/- PIM S  H  SB GA TA FO     MP     PP MP  PK MP  
------------------------------------------------------------------------------------
Alex Schoenborn          0  0  0   0  0   0  1  1  0  0  0/0     7:20   0:38   0:00 
Christopher Paquette     0  0  0   0  0   0  0  0  0  0  0/0     0:00   0:00   0:00 
Daniel Sprong            0  0  0   0  0   1  0  0  0  0  0/0    10:46   0:00   0:00 
Devon Teows              0  0  0   1  0   4  0  2  0  1  0/0    17:57   3:16   0:00 
Dillon Heatherington     0  0  0   1  2   3  1  1  0  0  0/0    24:47   4:44   0:00 
Gianni Fairbrother       0  0  0  -1  0   0  0  0  0  0  0/0     5:31   0:00   0:00 
Jakob Pelletier          0  0  0   0  0   0  0  0  0  0  0/0     0:53   0:38   0:00 
Joel Teasdale            0  0  0   0  0   0  0  0  0  0  0/0     0:53   0:38   0:00 
John Leonard             0  0  0   0  0   1  1  0  0  0  0/0     6:34   0:00   0:00 
Jonas Brodin             1  1  2   1  0   1  2  1  2  0  0/0    24:55   4:44   0:07 
Justin Bailey            0  3  3   1  0   1  3  3  0  1  2/4    23:04   3:40   0:07 
Kevin Fiala              2  1  3   1  0   3  3  0  0  1  1/1    22:57   3:40   0:00 
Lauri Pajuniemi          0  0  0   0  0   0  0  0  0  0  0/0     0:00   0:00   0:00 
Matt Grzelcyk            0  1  1   1  0   3  3  2  0  1  0/0    17:57   3:16   0:00 
Maxim Mamin              0  0  0   0  0   0  0  0  0  0  1/2     6:34   0:00   0:00 
Michael McCarron         0  0  0   0  0   2  0  0  0  1  5/15   18:43   3:42   0:00 
Nathan Noel              0  0  0   0  0   0  1  0  0  0  4/9    10:46   0:00   0:00 
Richard Nejezchleb       0  0  0   0  0   3  1  0  0  1  0/0    18:43   3:42   0:00 
Ryan Fitzgerald          1  1  2   1  0   2  0  1  0  2  22/36  22:57   3:40   0:00 
Samuel Bolduc            0  0  0   0  0   0  1  1  0  1  0/0    11:15   0:00   0:07 
Spencer Stastney         0  0  0   0  0   1  0  1  1  1  0/0    11:37   0:00   0:00 
Teemu Pulkkinen          1  0  1   0  0   6  2  0  1  0  0/0    18:50   3:42   0:07 
Vladimir Tkachev         0  0  0   0  0   1  1  0  0  0  0/0    10:46   0:00   0:00 
Xavier Bouchard          0  0  0  -1  0   0  0  0  0  0  0/0     6:00   0:00   0:00 
Zachary Senyshyn         0  0  0   0  0   0  0  0  0  0  0/0     0:07   0:00   0:00 

Players Stats for Punishers

Player Name              G  A  P  +/- PIM S  H  SB GA TA FO     MP     PP MP  PK MP  
------------------------------------------------------------------------------------
Adam Ruzicka             0  0  0  -2  2   2  0  0  2  0  4/4    14:28   0:00   1:30 
Ben Betker               0  1  1  -2  0   3  1  3  0  2  0/0    27:09   0:07   5:35 
Braden Tracey            0  0  0  -1  0   1  2  0  0  0  0/0     7:31   0:00   0:00 
Carson Meyer             0  0  0  -1  0   1  3  0  3  0  1/2    12:15   0:00   0:00 
Daniel Audette           0  1  1   0  0   2  5  0  2  0  7/16   17:25   0:00   1:56 
Jesse Ylonen             0  0  0  -1  0   4  0  0  0  0  0/0     7:31   0:00   0:00 
Joel Kiviranta           0  0  0  -1  0   1  1  0  0  1  1/2    12:40   0:00   1:34 
Karson Kuhlman           0  1  1   1  2   3  2  1  0  0  16/34  21:27   0:07   3:35 
Kole Lind                1  1  2   1  4   3  2  1  0  0  1/2    18:55   0:07   0:59 
Kurtis Gabriel           1  0  1   0  0   4  2  1  0  0  0/0    15:16   0:00   0:00 
Nicolas Beaudin          0  1  1  -1  0   1  2  4  0  1  0/0    28:14   0:07   4:08 
Niko Mikkola             0  0  0   0  0   0  1  1  0  0  0/0    17:32   0:00   2:10 
Noah Juulsen             0  0  0   0  0   1  2  1  0  0  0/0     5:46   0:00   0:00 
Oskar Lindblom           1  1  2   1  0   3  1  1  3  0  0/2    22:23   0:07   4:30 
Rasmus Sandin            0  0  0   1  0   0  1  1  0  0  0/0    17:16   0:00   0:34 
Ryan Suzuki              0  0  0  -1  2   0  1  0  0  0  1/2     7:30   0:00   0:00 
Urho Vaakanainen         0  0  0   1  0   0  0  2  0  0  0/0    21:10   0:00   3:32 
Warren Foegele           0  0  0   0  0   1  0  0  0  0  1/3    17:26   0:00   1:56 

3 Stars

1 - Kevin Fiala (Roc)
2 - Justin Bailey (Roc)
3 - Jonas Brodin (Roc)

Power Play

Americans - 2 on 6 Attempt(s) - 33.33%
Punishers - 1 on 0 Attempt(s) - 0.00%

Penalty Kill

Americans - -1 on 0 Attempt(s) - 0.00% - Score 0 goal in Penalty Kill
Punishers - 4 on 6 Attempt(s) - 66.67% - Score 0 goal in Penalty Kill

Team Stat

Americans - Hits : 20 - Faceoff Wins : 35 - Blocked Shots : 13 - Penalty Minutes : 2
Punishers - Hits : 26 - Faceoff Wins : 32 - Blocked Shots : 16 - Penalty Minutes : 10

Official

Referees : Brad Meier and Tim Peel
Linesman : Andrew Smith and David Brisebois

Game Notes

Noah Juulsen is injured at 12:59 of 1st period (Right Foot)
12:26 of 3rd period - Penalty Shot by Oskar Lindblom for Punishers - Stopped by Connor Hellebyuk
Samuel Bolduc is injured at 16:45 of 3rd period (Facial Surgery)

Finance

Level 1 -- Attendance: 1980 (99.00%) -- Ticket Income $138,600
Level 2 -- Attendance: 922 (92.20%) -- Ticket Income $36,880
Total Attendance: 2902 (96.73%)
Total Ticket Income: $175,480
Other Income: $8,774
Total Income: $184,254

Americans

5 vs 5 Forward 
   Center                   Left Wing                Right Wing               Time % Phy DF OF 
 1 Ryan Fitzgerald          Justin Bailey            Kevin Fiala              40     1   2  2  
 2 Michael McCarron         Teemu Pulkkinen          Richard Nejezchleb       30     1   2  2  
 3 Nathan Noel              Vladimir Tkachev         Daniel Sprong            20     1   2  2  
 4 Maxim Mamin              John Leonard             Alex Schoenborn          10     1   2  2  

5 vs 5 Defense 
   Defense                  Defense                                           Time % Phy DF OF 
 1 Jonas Brodin             Dillon Heatherington                              40     1   2  2  
 2 Devon Teows              Matt Grzelcyk                                     30     1   2  2  
 3 Spencer Stastney         Samuel Bolduc                                     20     1   2  2  
 4 Xavier Bouchard          Gianni Fairbrother                                10     1   2  2  

PowerPlay Forward 
   Center                   Left Wing                Right Wing               Time % Phy DF OF 
 1 Ryan Fitzgerald          Justin Bailey            Kevin Fiala              60     1   2  2  
 2 Michael McCarron         Teemu Pulkkinen          Richard Nejezchleb       40     1   2  2  

PowerPlay Defense
   Defense                  Defense                                           Time % Phy DF OF 
 1 Jonas Brodin             Dillon Heatherington                              60     1   2  2  
 2 Devon Teows              Matt Grzelcyk                                     40     1   2  2  

Penalty Kill 4 Players Forward 
   Center                   Wing                     Time % Phy DF OF 
 1 Justin Bailey            Teemu Pulkkinen          60     1   2  2  
 2 Kevin Fiala              Ryan Fitzgerald          40     1   2  2  

Penalty Kill 4 Players Defense
   Defense                  Defense                  Time % Phy DF OF 
 1 Jonas Brodin             Dillon Heatherington     60     1   2  2  
 2 Devon Teows              Matt Grzelcyk            40     1   2  2  

Penalty Kill - 3 Players Forward 
   Forward                                           Time % Phy DF OF 
 1 Justin Bailey                                     60     1   2  2  
 2 Teemu Pulkkinen                                   40     1   2  2  

Penalty Kill - 3 Players Defense
   Defense                  Defense                  Time % Phy DF OF 
 1 Jonas Brodin             Dillon Heatherington     60     1   2  2  
 2 Devon Teows              Matt Grzelcyk            40     1   2  2  

4 vs 4 Forward 
   Center                   Wing                     Time % Phy DF OF 
 1 Justin Bailey            Teemu Pulkkinen          60     1   2  2  
 2 Kevin Fiala              Ryan Fitzgerald          40     1   2  2  

4 vs 4 Defense
   Defense                  Defense                  Time % Phy DF OF 
 1 Jonas Brodin             Dillon Heatherington     60     1   2  2  
 2 Devon Teows              Matt Grzelcyk            40     1   2  2  

Last Minutes Offensive
   Center                   Left Wing                Right Wing               Defense                  Defense                  
   Ryan Fitzgerald          Justin Bailey            Kevin Fiala              Jonas Brodin             Dillon Heatherington     

Last Minutes Defensive
   Center                   Left Wing                Right Wing               Defense                  Defense                  
   Ryan Fitzgerald          Justin Bailey            Kevin Fiala              Jonas Brodin             Dillon Heatherington     

Goaltenders
Starting : Connor Hellebyuk         
Backup : Peyton Jones             

Extra Forwards
Normal : Joel Teasdale, Jakob Pelletier, Zachary Senyshyn - PP : Joel Teasdale, Jakob Pelletier - PK : Zachary Senyshyn
Extra Defensemen
Normal : Spencer Stastney, Samuel Bolduc, Xavier Bouchard - PP : Spencer Stastney - PK : Samuel Bolduc, Xavier Bouchard
Penalty Shots
Justin Bailey, Teemu Pulkkinen, Kevin Fiala, Ryan Fitzgerald, Richard Nejezchleb
Custom OT Lines Forwards
Justin Bailey, Teemu Pulkkinen, Kevin Fiala, Ryan Fitzgerald, Richard Nejezchleb, Michael McCarron, Vladimir Tkachev, Nathan Noel, Maxim Mamin, Daniel Sprong
Custom OT Lines Defensemen
Jonas Brodin, Dillon Heatherington, Devon Teows, Matt Grzelcyk, Spencer Stastney

Scratches
Peyton Krebs (Healthy), Dmitri Semykin (Healthy), Anthony Romano (Healthy), Austin Wong (Healthy), Daniel Bukac (Healthy)
Felix Bibeau (Healthy), Simon Holmstrom (Healthy)

Punishers

5 vs 5 Forward 
   Center                   Left Wing                Right Wing               Time % Phy DF OF 
 1 Karson Kuhlman           Oskar Lindblom           Kole Lind                40     0   2  3  
 2 Daniel Audette           Warren Foegele           Kurtis Gabriel           31     0   2  3  
 3 Adam Ruzicka             Joel Kiviranta           Carson Meyer             20     1   2  2  
 4 Ryan Suzuki              Braden Tracey            Jesse Ylonen             9      1   2  2  

5 vs 5 Defense 
   Defense                  Defense                                           Time % Phy DF OF 
 1 Noah Juulsen             Ben Betker                                        40     1   2  2  
 2 Niko Mikkola             Nicolas Beaudin                                   31     1   2  2  
 3 Urho Vaakanainen         Rasmus Sandin                                     19     1   2  2  
 4 Noah Juulsen             Ben Betker                                        10     1   2  2  

PowerPlay Forward 
   Center                   Left Wing                Right Wing               Time % Phy DF OF 
 1 Karson Kuhlman           Oskar Lindblom           Kole Lind                60     0   2  3  
 2 Daniel Audette           Warren Foegele           Kurtis Gabriel           40     0   2  3  

PowerPlay Defense
   Defense                  Defense                                           Time % Phy DF OF 
 1 Noah Juulsen             Ben Betker                                        60     0   2  3  
 2 Niko Mikkola             Nicolas Beaudin                                   40     1   2  2  

Penalty Kill 4 Players Forward 
   Center                   Wing                     Time % Phy DF OF 
 1 Karson Kuhlman           Oskar Lindblom           60     0   3  2  
 2 Daniel Audette           Warren Foegele           40     0   3  2  

Penalty Kill 4 Players Defense
   Defense                  Defense                  Time % Phy DF OF 
 1 Noah Juulsen             Ben Betker               60     1   3  1  
 2 Niko Mikkola             Nicolas Beaudin          40     1   3  1  

Penalty Kill - 3 Players Forward 
   Forward                                           Time % Phy DF OF 
 1 Karson Kuhlman                                    60     0   4  1  
 2 Daniel Audette                                    40     0   4  1  

Penalty Kill - 3 Players Defense
   Defense                  Defense                  Time % Phy DF OF 
 1 Noah Juulsen             Ben Betker               60     0   4  1  
 2 Niko Mikkola             Nicolas Beaudin          40     0   4  1  

4 vs 4 Forward 
   Center                   Wing                     Time % Phy DF OF 
 1 Karson Kuhlman           Oskar Lindblom           60     1   2  2  
 2 Adam Ruzicka             Kole Lind                40     1   2  2  

4 vs 4 Defense
   Defense                  Defense                  Time % Phy DF OF 
 1 Noah Juulsen             Ben Betker               60     1   2  2  
 2 Niko Mikkola             Nicolas Beaudin          40     1   2  2  

Last Minutes Offensive
   Center                   Left Wing                Right Wing               Defense                  Defense                  
   Karson Kuhlman           Oskar Lindblom           Kurtis Gabriel           Noah Juulsen             Ben Betker               

Last Minutes Defensive
   Center                   Left Wing                Right Wing               Defense                  Defense                  
   Karson Kuhlman           Oskar Lindblom           Kurtis Gabriel           Noah Juulsen             Ben Betker               

Goaltenders
Starting : Antoine Bibeau           
Backup : Cal Petersen             

Extra Forwards
Normal : Kole Lind, Carson Meyer, Warren Foegele - PP : Kole Lind, Carson Meyer - PK : Kole Lind
Extra Defensemen
Normal : Nicolas Beaudin, Urho Vaakanainen, Rasmus Sandin - PP : Nicolas Beaudin - PK : Nicolas Beaudin, Urho Vaakanainen
Penalty Shots
Oskar Lindblom, Karson Kuhlman, Kurtis Gabriel, Daniel Audette, Kole Lind
Custom OT Lines Forwards
Oskar Lindblom, Karson Kuhlman, Kurtis Gabriel, Daniel Audette, Kole Lind, Carson Meyer, Warren Foegele, Jesse Ylonen, Joel Kiviranta, Adam Ruzicka
Custom OT Lines Defensemen
Noah Juulsen, Ben Betker, Niko Mikkola, Nicolas Beaudin, Urho Vaakanainen

Scratches
Ben Meyers (Healthy), Jack Ahcan (Healthy), Marcus Karlberg (Healthy), Lassi Thomson (Healthy), Jack LaFontaine (Healthy)
Carter Gylander (Healthy)

% Time on Ice - Americans

Lines # - Real PCT - Wanted PCT - Time Play
Normal Forward
1 - 38% - 40% - 19:32
2 - 29% - 30% - 15:01
3 - 21% - 20% - 10:46
4 - 13% - 10% - 6:34
Normal Defense
1 - 39% - 40% - 20:04
2 - 28% - 30% - 14:41
3 - 22% - 20% - 11:37
4 - 11% - 10% - 5:31
PP Forward
1 - 54% - 60% - 4:18
2 - 46% - 40% - 3:42
PP Defense
1 - 59% - 60% - 4:44
2 - 41% - 40% - 3:16
PK Forward
1 - 100% - 60% - 0:07
2 - 0% - 40% - 0:00
PK Defense
1 - 100% - 60% - 0:07
2 - 0% - 40% - 0:00
PK3 Forward
1 - 0% - 60%
2 - 0% - 40%
PK3 Defense
1 - 0% - 60%
2 - 0% - 40%
44 Forward
1 - 0% - 60%
2 - 0% - 40%
44 Defense
1 - 0% - 60%
2 - 0% - 40%
Last Minute Offensive  - 0:00
Last Minute Defensive  - 0:00
Total
Forward - 60:00
Defense - 60:00

% Time on Ice - Punishers

Lines # - Real PCT - Wanted PCT - Time Play
Normal Forward
1 - 35% - 40% - 18:14
2 - 29% - 31% - 15:11
3 - 21% - 20% - 10:57
4 - 14% - 9% - 7:31
Normal Defense
1 - 43% - 40% - 22:04
2 - 28% - 31% - 14:32
3 - 21% - 19% - 11:03
4 - 8% - 10% - 4:14
PP Forward
1 - 100% - 60% - 0:07
2 - 0% - 40% - 0:00
PP Defense
1 - 100% - 60% - 0:07
2 - 0% - 40% - 0:00
PK Forward
1 - 76% - 60% - 6:04
2 - 24% - 40% - 1:56
PK Defense
1 - 73% - 60% - 5:50
2 - 27% - 40% - 2:10
PK3 Forward
1 - 0% - 60%
2 - 0% - 40%
PK3 Defense
1 - 0% - 60%
2 - 0% - 40%
44 Forward
1 - 0% - 60%
2 - 0% - 40%
44 Defense
1 - 0% - 60%
2 - 0% - 40%
Last Minute Offensive  - 0:00
Last Minute Defensive  - 0:00
Total
Forward - 60:00
Defense - 60:00

Play-by-Play

1st period


0:01 of 1st period - Ryan Fitzgerald wins face-off versus Karson Kuhlman in neutral zone.
0:40 of 1st period - Teemu Pulkkinen is hit by Noah Juulsen and loses puck.
1:25 of 1st period - Snap shot by Jesse Ylonen.
1:25 of 1st period - Stopped by Connor Hellebyuk without a rebound.
1:26 of 1st period - Karson Kuhlman wins face-off versus Nathan Noel in Americans zone.
1:35 of 1st period - Slapshot by Kole Lind.
1:35 of 1st period - Shot Misses the Net.
1:51 of 1st period - Carson Meyer is hit by Alex Schoenborn and loses puck.
2:02 of 1st period - Wrist shot by Adam Ruzicka.
2:02 of 1st period - Shot Blocked by Matt Grzelcyk.
3:04 of 1st period - Wrist shot by Ben Betker.
3:04 of 1st period - Stopped by Connor Hellebyuk with a rebound.
3:06 of 1st period - Slapshot by Noah Juulsen.
3:06 of 1st period - Stopped by Connor Hellebyuk with a rebound.
3:08 of 1st period - Wrist shot by Noah Juulsen.
3:08 of 1st period - Shot Blocked by Spencer Stastney.
3:22 of 1st period - Wrist shot by Daniel Audette.
3:22 of 1st period - Stopped by Connor Hellebyuk without a rebound.
3:23 of 1st period - Nathan Noel wins face-off versus Daniel Audette in Americans zone.
3:23 of 1st period - Nathan Noel is hit by Daniel Audette.
3:33 of 1st period - Slapshot by Matt Grzelcyk.
3:33 of 1st period - Stopped by Antoine Bibeau without a rebound.
3:34 of 1st period - Michael McCarron wins face-off versus Karson Kuhlman in Punishers zone.
4:24 of 1st period - Nathan Noel is hit by Kurtis Gabriel and loses puck.
4:43 of 1st period - Slapshot by Ben Betker.
4:43 of 1st period - Stopped by Connor Hellebyuk without a rebound.
4:44 of 1st period - Ryan Fitzgerald wins face-off versus Ryan Suzuki in Americans zone.
5:03 of 1st period - Snap shot by Jesse Ylonen.
5:03 of 1st period - Stopped by Connor Hellebyuk without a rebound.
5:04 of 1st period - Karson Kuhlman wins face-off versus Michael McCarron in Americans zone.
5:05 of 1st period - Slapshot by Oskar Lindblom.
5:05 of 1st period - Shot Misses the Net.
5:17 of 1st period - Wrist shot by Teemu Pulkkinen.
5:17 of 1st period - Stopped by Antoine Bibeau without a rebound.
5:18 of 1st period - Karson Kuhlman wins face-off versus Ryan Fitzgerald in Punishers zone.
5:31 of 1st period - Snap shot by Kevin Fiala.
5:31 of 1st period - Shot Blocked by Ben Betker.
5:43 of 1st period - Teemu Pulkkinen is hit by Noah Juulsen and loses puck.
5:48 of 1st period - Snap shot by Kurtis Gabriel.
5:48 of 1st period - Stopped by Connor Hellebyuk without a rebound.
5:49 of 1st period - Adam Ruzicka wins face-off versus Ryan Fitzgerald in Americans zone.
5:56 of 1st period - Joel Kiviranta is hit by Kevin Fiala and loses puck.
6:02 of 1st period - Off-side.
6:03 of 1st period - Nathan Noel wins face-off versus Karson Kuhlman in neutral zone.
6:14 of 1st period - Off-side.
6:15 of 1st period - Ryan Fitzgerald wins face-off versus Daniel Audette in neutral zone.
6:18 of 1st period - Wrist shot by Ryan Fitzgerald.
6:18 of 1st period - Shot Misses the Net.
6:20 of 1st period - Wrist shot by Dillon Heatherington.
6:20 of 1st period - Stopped by Antoine Bibeau with a rebound.
6:28 of 1st period - Wrist shot by Ryan Fitzgerald.
6:28 of 1st period - Deflect By Kevin Fiala.
6:28 of 1st period - Shot Blocked by Ben Betker.
6:28 of 1st period - Puck is out of play.
6:29 of 1st period - Karson Kuhlman wins face-off versus Michael McCarron in Punishers zone.
8:15 of 1st period - Ben Betker is hit by Jonas Brodin and loses puck.
8:28 of 1st period - Xavier Bouchard is hit by Daniel Audette and loses puck.
8:46 of 1st period - Wrist shot by Kevin Fiala.
8:46 of 1st period - Shot Misses the Net.
9:06 of 1st period - Slapshot by Vladimir Tkachev.
9:06 of 1st period - Stopped by Antoine Bibeau without a rebound.
9:07 of 1st period - Daniel Audette wins face-off versus Michael McCarron in Punishers zone.
9:18 of 1st period - Snap shot by Teemu Pulkkinen.
9:18 of 1st period - Stopped by Antoine Bibeau with a rebound.
9:46 of 1st period - Karson Kuhlman is hit by Matt Grzelcyk and loses puck.
10:24 of 1st period - Alex Schoenborn is hit by Carson Meyer and loses puck.
10:31 of 1st period - Wrist shot by Carson Meyer.
10:31 of 1st period - Shot Blocked by Jonas Brodin.
10:55 of 1st period - Richard Nejezchleb is hit by Daniel Audette and loses puck.
11:06 of 1st period - Snap shot by Daniel Sprong.
11:06 of 1st period - Stopped by Antoine Bibeau without a rebound.
11:07 of 1st period - Ryan Suzuki wins face-off versus Nathan Noel in Punishers zone.
11:19 of 1st period - Off-side.
11:20 of 1st period - Karson Kuhlman wins face-off versus Ryan Fitzgerald in neutral zone.
11:50 of 1st period - Snap shot by Teemu Pulkkinen.
11:50 of 1st period - Deflect By Michael McCarron.
11:50 of 1st period - Stopped by Antoine Bibeau without a rebound.
11:51 of 1st period - Warren Foegele wins face-off versus Michael McCarron in Punishers zone.
11:51 of 1st period - Warren Foegele is hit by Teemu Pulkkinen.
12:01 of 1st period - Snap shot by Warren Foegele.
12:01 of 1st period - Stopped by Connor Hellebyuk with a rebound.
12:25 of 1st period - Slapshot by Teemu Pulkkinen.
12:25 of 1st period - Shot Blocked by Nicolas Beaudin.
12:27 of 1st period - Snap shot by Richard Nejezchleb.
12:27 of 1st period - Shot Misses the Net.
12:29 of 1st period - Slapshot by Samuel Bolduc.
12:29 of 1st period - Shot Blocked by Oskar Lindblom.
12:31 of 1st period - Snap shot by Spencer Stastney.
12:31 of 1st period - Shot Blocked by Karson Kuhlman.
12:41 of 1st period - Backhand shot by Teemu Pulkkinen.
12:41 of 1st period - Shot Blocked by Kole Lind.
12:43 of 1st period - Wrist shot by Michael McCarron.
12:43 of 1st period - Stopped by Antoine Bibeau with a rebound.
12:45 of 1st period - Slapshot by Jonas Brodin.
12:45 of 1st period - Shot Misses the Net.
12:49 of 1st period - Snap shot by Teemu Pulkkinen.
12:49 of 1st period - Deflect By Kole Lind.
12:49 of 1st period - Shot Misses the Net.
12:49 of 1st period - Puck is out of play.
12:50 of 1st period - Kevin Fiala wins face-off versus Daniel Audette in Punishers zone.
12:59 of 1st period - Wrist shot by Justin Bailey.
12:59 of 1st period - Shot Blocked by Noah Juulsen.
12:59 of 1st period - Noah Juulsen from Punishers is injured at 12:59 of 1st period (Right Foot).
13:00 of 1st period - Joel Kiviranta wins face-off versus Ryan Fitzgerald in Punishers zone.
13:11 of 1st period - Slapshot by Kevin Fiala.
13:11 of 1st period - Deflect By Ben Betker.
13:11 of 1st period - Goal by Kevin Fiala - Americans : 1 - Punishers : 0.
13:12 of 1st period - Karson Kuhlman wins face-off versus Ryan Fitzgerald in neutral zone.
13:14 of 1st period - Minor Penalty to Karson Kuhlman for Tripping.
13:15 of 1st period - Kole Lind wins face-off versus Ryan Fitzgerald in Punishers zone.
14:18 of 1st period - Wrist shot by Teemu Pulkkinen.
14:18 of 1st period - Shot Misses the Net.
14:22 of 1st period - Snap shot by Teemu Pulkkinen.
14:22 of 1st period - Goal by Teemu Pulkkinen - Americans : 2 - Punishers : 0.
14:23 of 1st period - Ryan Fitzgerald wins face-off versus Warren Foegele in neutral zone.
14:32 of 1st period - Slapshot by Kurtis Gabriel.
14:32 of 1st period - Goal by Kurtis Gabriel - Americans : 2 - Punishers : 1.
14:33 of 1st period - Karson Kuhlman wins face-off versus Ryan Fitzgerald in neutral zone.
14:43 of 1st period - Icing by Oskar Lindblom.
14:44 of 1st period - Ryan Fitzgerald wins face-off versus Karson Kuhlman in Punishers zone.
15:57 of 1st period - Jesse Ylonen is hit by Justin Bailey and loses puck.
16:02 of 1st period - Snap shot by Justin Bailey.
16:02 of 1st period - Shot Blocked by Ben Betker.
16:04 of 1st period - Slapshot by Matt Grzelcyk.
16:04 of 1st period - Deflect By Kevin Fiala.
16:04 of 1st period - Goal by Kevin Fiala - Americans : 3 - Punishers : 1.
16:05 of 1st period - Ryan Fitzgerald wins face-off versus Karson Kuhlman in neutral zone.
16:30 of 1st period - Warren Foegele is hit by Samuel Bolduc and loses puck.
16:57 of 1st period - Snap shot by Richard Nejezchleb.
16:57 of 1st period - Shot Misses the Net.
16:59 of 1st period - Slapshot by Devon Teows.
16:59 of 1st period - Stopped by Antoine Bibeau without a rebound.
17:00 of 1st period - Michael McCarron wins face-off versus Karson Kuhlman in Punishers zone.
17:07 of 1st period - Snap shot by Teemu Pulkkinen.
17:07 of 1st period - Stopped by Antoine Bibeau with a rebound.
18:00 of 1st period - Icing by Joel Kiviranta.
18:01 of 1st period - Ryan Fitzgerald wins face-off versus Carson Meyer in Punishers zone.
18:10 of 1st period - Wrist shot by Justin Bailey.
18:10 of 1st period - Shot Blocked by Urho Vaakanainen.
18:48 of 1st period - Wrist shot by Alex Schoenborn.
18:48 of 1st period - Shot Blocked by Nicolas Beaudin.
18:50 of 1st period - Wrist shot by Spencer Stastney.
18:50 of 1st period - Stopped by Antoine Bibeau without a rebound.
18:51 of 1st period - Maxim Mamin wins face-off versus Daniel Audette in Punishers zone.
18:58 of 1st period - Slapshot by John Leonard.
18:58 of 1st period - Stopped by Antoine Bibeau with a rebound.
19:16 of 1st period - Karson Kuhlman is hit by Justin Bailey and loses puck.
19:35 of 1st period - Jonas Brodin is hit by Braden Tracey and loses puck.
19:42 of 1st period - Slapshot by Ben Betker.
19:42 of 1st period - Deflect By Braden Tracey.
19:42 of 1st period - Stopped by Connor Hellebyuk with a rebound.
19:58 of 1st period - Jonas Brodin is hit by Joel Kiviranta and loses puck.
Goals for this period are 3 for Americans vs 1 for Punishers.
Shots for this period are 15 for Americans vs 10 for Punishers.

2nd period


0:01 of 2nd period - Karson Kuhlman wins face-off versus Ryan Fitzgerald in neutral zone.
0:13 of 2nd period - Snap shot by Oskar Lindblom.
0:13 of 2nd period - Stopped by Connor Hellebyuk with a rebound.
0:15 of 2nd period - Snap shot by Karson Kuhlman.
0:15 of 2nd period - Deflect By Ryan Fitzgerald.
0:15 of 2nd period - Shot Misses the Net.
0:15 of 2nd period - Puck is out of play.
0:16 of 2nd period - Nathan Noel wins face-off versus Daniel Audette in Americans zone.
0:47 of 2nd period - Ryan Fitzgerald is hit by Nicolas Beaudin.
1:09 of 2nd period - Off-side.
1:10 of 2nd period - Ryan Fitzgerald wins face-off versus Karson Kuhlman in neutral zone.
1:15 of 2nd period - Snap shot by Justin Bailey.
1:15 of 2nd period - Deflect By Ryan Fitzgerald.
1:15 of 2nd period - Shot Misses the Net.
1:15 of 2nd period - Puck is out of play.
1:16 of 2nd period - Karson Kuhlman wins face-off versus Ryan Fitzgerald in Punishers zone.
1:27 of 2nd period - Backhand shot by Oskar Lindblom.
1:27 of 2nd period - Goal by Oskar Lindblom - Americans : 3 - Punishers : 2.
1:28 of 2nd period - Karson Kuhlman wins face-off versus Ryan Fitzgerald in neutral zone.
1:30 of 2nd period - Off-side.
1:31 of 2nd period - Ryan Fitzgerald wins face-off versus Karson Kuhlman in neutral zone.
1:36 of 2nd period - Slapshot by Dillon Heatherington.
1:36 of 2nd period - Shot Misses the Net.
1:38 of 2nd period - Snap shot by Justin Bailey.
1:38 of 2nd period - Shot Misses the Net.
1:40 of 2nd period - Slapshot by Dillon Heatherington.
1:40 of 2nd period - Shot Misses the Net.
1:42 of 2nd period - Slapshot by Jonas Brodin.
1:42 of 2nd period - Shot Misses the Net.
2:02 of 2nd period - Snap shot by Richard Nejezchleb.
2:02 of 2nd period - Shot Misses the Net.
2:04 of 2nd period - Slapshot by Dillon Heatherington.
2:04 of 2nd period - Stopped by Antoine Bibeau without a rebound.
2:05 of 2nd period - Daniel Audette wins face-off versus Ryan Fitzgerald in Punishers zone.
2:05 of 2nd period - Ben Betker is hit by Justin Bailey and loses puck.
2:30 of 2nd period - Devon Teows is hit by Nicolas Beaudin and loses puck.
2:45 of 2nd period - Minor Penalty to Kole Lind for Tripping.
2:46 of 2nd period - Ryan Fitzgerald wins face-off versus Oskar Lindblom in Punishers zone.
2:47 of 2nd period - Slapshot by Kevin Fiala.
2:47 of 2nd period - Stopped by Antoine Bibeau without a rebound.
2:48 of 2nd period - Ryan Fitzgerald wins face-off versus Karson Kuhlman in Punishers zone.
4:01 of 2nd period - Slapshot by Joel Kiviranta.
4:01 of 2nd period - Stopped by Connor Hellebyuk without a rebound.
4:02 of 2nd period - Ryan Fitzgerald wins face-off versus Karson Kuhlman in Americans zone.
4:22 of 2nd period - Icing by Richard Nejezchleb.
4:23 of 2nd period - Michael McCarron wins face-off versus Daniel Audette in Americans zone.
4:28 of 2nd period - Wrist shot by Kevin Fiala.
4:28 of 2nd period - Shot Misses the Net.
4:30 of 2nd period - Wrist shot by Kevin Fiala.
4:30 of 2nd period - Shot Misses the Net.
4:32 of 2nd period - Snap shot by Kevin Fiala.
4:32 of 2nd period - Shot Misses the Net.
4:45 of 2nd period - Penalty to Kole Lind is over, Kole Lind is back on ice.
4:52 of 2nd period - Slapshot by Teemu Pulkkinen.
4:52 of 2nd period - Deflect By Karson Kuhlman.
4:52 of 2nd period - Shot Misses the Net.
4:52 of 2nd period - Puck is out of play.
4:53 of 2nd period - Adam Ruzicka wins face-off versus Michael McCarron in Punishers zone.
5:08 of 2nd period - Slapshot by Adam Ruzicka.
5:08 of 2nd period - Stopped by Connor Hellebyuk without a rebound.
5:09 of 2nd period - Karson Kuhlman wins face-off versus Ryan Fitzgerald in Americans zone.
5:34 of 2nd period - Ben Betker is hit by Nathan Noel.
5:42 of 2nd period - Snap shot by Kole Lind.
5:42 of 2nd period - Deflect By Karson Kuhlman.
5:42 of 2nd period - Stopped by Connor Hellebyuk without a rebound.
5:43 of 2nd period - Daniel Audette wins face-off versus Ryan Fitzgerald in Americans zone.
5:51 of 2nd period - Off-side.
5:52 of 2nd period - Ryan Fitzgerald wins face-off versus Daniel Audette in neutral zone.
5:54 of 2nd period - Off-side.
5:55 of 2nd period - Ryan Fitzgerald wins face-off versus Daniel Audette in neutral zone.
5:58 of 2nd period - Snap shot by Dillon Heatherington.
5:58 of 2nd period - Stopped by Antoine Bibeau without a rebound.
5:59 of 2nd period - Ryan Fitzgerald wins face-off versus Daniel Audette in Punishers zone.
7:06 of 2nd period - Slapshot by Nicolas Beaudin.
7:06 of 2nd period - Shot Blocked by Dillon Heatherington.
7:08 of 2nd period - Snap shot by Niko Mikkola.
7:08 of 2nd period - Shot Blocked by Justin Bailey.
7:10 of 2nd period - Snap shot by Warren Foegele.
7:10 of 2nd period - Shot Blocked by Ryan Fitzgerald.
7:12 of 2nd period - Slapshot by Kurtis Gabriel.
7:12 of 2nd period - Shot Misses the Net.
7:14 of 2nd period - Slapshot by Kurtis Gabriel.
7:14 of 2nd period - Shot Misses the Net.
7:16 of 2nd period - Wrist shot by Warren Foegele.
7:16 of 2nd period - Shot Misses the Net.
7:18 of 2nd period - Wrist shot by Daniel Audette.
7:18 of 2nd period - Stopped by Connor Hellebyuk without a rebound.
7:19 of 2nd period - Karson Kuhlman wins face-off versus Michael McCarron in Americans zone.
7:40 of 2nd period - Minor Penalty to Kole Lind for Interference.
7:41 of 2nd period - Karson Kuhlman wins face-off versus Michael McCarron in Punishers zone.
9:40 of 2nd period - Penalty to Kole Lind is over, Kole Lind is back on ice.
10:36 of 2nd period - Samuel Bolduc is hit by Kurtis Gabriel and loses puck.
11:07 of 2nd period - Snap shot by Michael McCarron.
11:07 of 2nd period - Shot Blocked by Rasmus Sandin.
11:20 of 2nd period - Rasmus Sandin is hit by Kevin Fiala and loses puck.
11:35 of 2nd period - Urho Vaakanainen is hit by Matt Grzelcyk.
11:39 of 2nd period - Nathan Noel is hit by Braden Tracey and loses puck.
11:52 of 2nd period - Xavier Bouchard is hit by Karson Kuhlman and loses puck.
13:25 of 2nd period - Snap shot by Kurtis Gabriel.
13:25 of 2nd period - Shot Blocked by Justin Bailey.
13:27 of 2nd period - Snap shot by Carson Meyer.
13:27 of 2nd period - Shot Blocked by Devon Teows.
13:37 of 2nd period - Slapshot by Kurtis Gabriel.
13:37 of 2nd period - Stopped by Connor Hellebyuk with a rebound.
13:39 of 2nd period - Slapshot by Carson Meyer.
13:39 of 2nd period - Stopped by Connor Hellebyuk with a rebound.
13:47 of 2nd period - Wrist shot by Kurtis Gabriel.
13:47 of 2nd period - Shot Blocked by Devon Teows.
14:06 of 2nd period - Slapshot by Kurtis Gabriel.
14:06 of 2nd period - Deflect By Warren Foegele.
14:06 of 2nd period - Shot Blocked by Justin Bailey.
14:06 of 2nd period - Puck is out of play.
14:07 of 2nd period - Michael McCarron wins face-off versus Karson Kuhlman in Americans zone.
14:24 of 2nd period - Michael McCarron is hit by Ben Betker.
15:05 of 2nd period - Michael McCarron is hit by Oskar Lindblom.
15:17 of 2nd period - Snap shot by Alex Schoenborn.
15:17 of 2nd period - Shot Misses the Net.
15:45 of 2nd period - Snap shot by Jonas Brodin.
15:45 of 2nd period - Shot Blocked by Kurtis Gabriel.
16:12 of 2nd period - Icing by Spencer Stastney.
16:13 of 2nd period - Daniel Audette wins face-off versus Maxim Mamin in Americans zone.
17:45 of 2nd period - Snap shot by Jonas Brodin.
17:45 of 2nd period - Shot Blocked by Nicolas Beaudin.
17:59 of 2nd period - Slapshot by Teemu Pulkkinen.
17:59 of 2nd period - Stopped by Antoine Bibeau without a rebound.
18:00 of 2nd period - Adam Ruzicka wins face-off versus Michael McCarron in Punishers zone.
18:18 of 2nd period - Michael McCarron is hit by Carson Meyer and loses puck.
18:38 of 2nd period - Slapshot by Adam Ruzicka.
18:38 of 2nd period - Shot Misses the Net.
18:44 of 2nd period - Urho Vaakanainen is hit by Richard Nejezchleb and loses puck.
18:51 of 2nd period - Snap shot by Richard Nejezchleb.
18:51 of 2nd period - Stopped by Antoine Bibeau with a rebound.
18:53 of 2nd period - Wrist shot by Michael McCarron.
18:53 of 2nd period - Shot Misses the Net.
18:55 of 2nd period - Snap shot by Richard Nejezchleb.
18:55 of 2nd period - Stopped by Antoine Bibeau without a rebound.
18:56 of 2nd period - Karson Kuhlman wins face-off versus Justin Bailey in Punishers zone.
19:25 of 2nd period - Off-side.
19:26 of 2nd period - Daniel Audette wins face-off versus Nathan Noel in neutral zone.
19:35 of 2nd period - Slapshot by Matt Grzelcyk.
19:35 of 2nd period - Stopped by Antoine Bibeau with a rebound.
19:37 of 2nd period - Slapshot by Devon Teows.
19:37 of 2nd period - Deflect By Vladimir Tkachev.
19:37 of 2nd period - Shot Misses the Net.
19:37 of 2nd period - Puck is out of play.
19:38 of 2nd period - Ryan Fitzgerald wins face-off versus Karson Kuhlman in Punishers zone.
19:39 of 2nd period - Slapshot by Matt Grzelcyk.
19:39 of 2nd period - Stopped by Antoine Bibeau with a rebound.
Goals for this period are 0 for Americans vs 1 for Punishers.
Shots for this period are 8 for Americans vs 8 for Punishers.

3rd period


0:01 of 3rd period - Justin Bailey wins face-off versus Karson Kuhlman in neutral zone.
0:26 of 3rd period - Justin Bailey is hit by Carson Meyer and loses puck.
1:58 of 3rd period - Off-side.
1:59 of 3rd period - Daniel Audette wins face-off versus Michael McCarron in neutral zone.
2:03 of 3rd period - Minor Penalty to Dillon Heatherington for Roughing.
2:04 of 3rd period - Karson Kuhlman wins face-off versus Justin Bailey in Americans zone.
2:06 of 3rd period - Snap shot by Kole Lind.
2:06 of 3rd period - Stopped by Connor Hellebyuk with a rebound.
2:08 of 3rd period - Slapshot by Ben Betker.
2:08 of 3rd period - Shot Blocked by Samuel Bolduc.
2:10 of 3rd period - Slapshot by Kole Lind.
2:10 of 3rd period - Goal by Kole Lind - Americans : 3 - Punishers : 3.
2:11 of 3rd period - Justin Bailey wins face-off versus Karson Kuhlman in neutral zone.
3:07 of 3rd period - Slapshot by Ben Betker.
3:07 of 3rd period - Stopped by Connor Hellebyuk with a rebound.
3:21 of 3rd period - Snap shot by Jesse Ylonen.
3:21 of 3rd period - Shot Misses the Net.
4:03 of 3rd period - Alex Schoenborn is hit by Daniel Audette and loses puck.
4:26 of 3rd period - Justin Bailey is hit by Niko Mikkola and loses puck.
5:09 of 3rd period - Wrist shot by Kurtis Gabriel.
5:09 of 3rd period - Stopped by Connor Hellebyuk with a rebound.
5:39 of 3rd period - Daniel Sprong is hit by Kole Lind and loses puck.
6:33 of 3rd period - Maxim Mamin is hit by Ryan Suzuki.
7:03 of 3rd period - Slapshot by Devon Teows.
7:03 of 3rd period - Stopped by Antoine Bibeau with a rebound.
7:46 of 3rd period - Wrist shot by Richard Nejezchleb.
7:46 of 3rd period - Stopped by Antoine Bibeau with a rebound.
8:04 of 3rd period - Snap shot by Adam Ruzicka.
8:04 of 3rd period - Stopped by Connor Hellebyuk without a rebound.
8:05 of 3rd period - Ryan Fitzgerald wins face-off versus Karson Kuhlman in Americans zone.
8:52 of 3rd period - Snap shot by Kole Lind.
8:52 of 3rd period - Shot Misses the Net.
8:54 of 3rd period - Wrist shot by Kole Lind.
8:54 of 3rd period - Deflect By Oskar Lindblom.
8:54 of 3rd period - Stopped by Connor Hellebyuk with a rebound.
8:56 of 3rd period - Wrist shot by Karson Kuhlman.
8:56 of 3rd period - Shot Misses the Net.
9:00 of 3rd period - Wrist shot by Karson Kuhlman.
9:00 of 3rd period - Stopped by Connor Hellebyuk with a rebound.
9:04 of 3rd period - Wrist shot by Kole Lind.
9:04 of 3rd period - Stopped by Connor Hellebyuk with a rebound.
9:06 of 3rd period - Slapshot by Karson Kuhlman.
9:06 of 3rd period - Stopped by Connor Hellebyuk with a rebound.
9:08 of 3rd period - Wrist shot by Nicolas Beaudin.
9:08 of 3rd period - Shot Blocked by Alex Schoenborn.
9:10 of 3rd period - Slapshot by Nicolas Beaudin.
9:10 of 3rd period - Deflect By Devon Teows.
9:10 of 3rd period - Stopped by Connor Hellebyuk without a rebound.
9:11 of 3rd period - Daniel Audette wins face-off versus Ryan Fitzgerald in Americans zone.
9:18 of 3rd period - Snap shot by Justin Bailey.
9:18 of 3rd period - Stopped by Antoine Bibeau with a rebound.
9:20 of 3rd period - Wrist shot by Ryan Fitzgerald.
9:20 of 3rd period - Goal by Ryan Fitzgerald - Americans : 4 - Punishers : 3.
9:21 of 3rd period - Ryan Fitzgerald wins face-off versus Warren Foegele in neutral zone.
9:28 of 3rd period - Slapshot by Kevin Fiala.
9:28 of 3rd period - Shot Blocked by Nicolas Beaudin.
9:34 of 3rd period - Snap shot by Ryan Fitzgerald.
9:34 of 3rd period - Stopped by Antoine Bibeau without a rebound.
9:35 of 3rd period - Ryan Fitzgerald wins face-off versus Karson Kuhlman in Punishers zone.
9:44 of 3rd period - Nicolas Beaudin is hit by Kevin Fiala and loses puck.
10:25 of 3rd period - Slapshot by Jesse Ylonen.
10:25 of 3rd period - Stopped by Connor Hellebyuk with a rebound.
10:27 of 3rd period - Wrist shot by Jesse Ylonen.
10:27 of 3rd period - Stopped by Connor Hellebyuk with a rebound.
10:29 of 3rd period - Wrist shot by Braden Tracey.
10:29 of 3rd period - Shot Misses the Net.
11:19 of 3rd period - Justin Bailey is hit by Daniel Audette and loses puck.
11:32 of 3rd period - Rasmus Sandin is hit by John Leonard and loses puck.
11:43 of 3rd period - Spencer Stastney is hit by Rasmus Sandin and loses puck.
11:58 of 3rd period - Wrist shot by Vladimir Tkachev.
11:58 of 3rd period - Shot Blocked by Niko Mikkola.
12:04 of 3rd period - Minor Penalty to Ryan Suzuki for Roughing.
12:05 of 3rd period - Ryan Fitzgerald wins face-off versus Karson Kuhlman in Punishers zone.
12:26 of 3rd period - Penalty Shot by Oskar Lindblom for Punishers.
12:26 of 3rd period - Deke by Oskar Lindblom.
12:26 of 3rd period - Stopped by Connor Hellebyuk.
12:27 of 3rd period - Michael McCarron wins face-off versus Karson Kuhlman in Punishers zone.
12:59 of 3rd period - Slapshot by Jonas Brodin.
12:59 of 3rd period - Goal by Jonas Brodin - Americans : 5 - Punishers : 3.
13:00 of 3rd period - Ryan Fitzgerald wins face-off versus Kole Lind in neutral zone.
13:27 of 3rd period - Nicolas Beaudin is hit by Teemu Pulkkinen and loses puck.
13:32 of 3rd period - Snap shot by Teemu Pulkkinen.
13:32 of 3rd period - Stopped by Antoine Bibeau without a rebound.
13:33 of 3rd period - Karson Kuhlman wins face-off versus Michael McCarron in Punishers zone.
14:15 of 3rd period - Icing by Urho Vaakanainen.
14:16 of 3rd period - Carson Meyer wins face-off versus Nathan Noel in Punishers zone.
14:16 of 3rd period - Carson Meyer is hit by Vladimir Tkachev.
14:43 of 3rd period - Wrist shot by Kole Lind.
14:43 of 3rd period - Shot Misses the Net.
14:45 of 3rd period - Wrist shot by Oskar Lindblom.
14:45 of 3rd period - Shot Blocked by Matt Grzelcyk.
15:41 of 3rd period - Rasmus Sandin is hit by Matt Grzelcyk and loses puck.
15:46 of 3rd period - Snap shot by Teemu Pulkkinen.
15:46 of 3rd period - Shot Misses the Net.
15:48 of 3rd period - Slapshot by Teemu Pulkkinen.
15:48 of 3rd period - Shot Misses the Net.
15:50 of 3rd period - Snap shot by Michael McCarron.
15:50 of 3rd period - Shot Misses the Net.
15:52 of 3rd period - Slapshot by Devon Teows.
15:52 of 3rd period - Stopped by Antoine Bibeau with a rebound.
15:54 of 3rd period - Slapshot by Devon Teows.
15:54 of 3rd period - Stopped by Antoine Bibeau without a rebound.
15:55 of 3rd period - Adam Ruzicka wins face-off versus Nathan Noel in Punishers zone.
16:32 of 3rd period - Slapshot by Jonas Brodin.
16:32 of 3rd period - Shot Blocked by Urho Vaakanainen.
16:44 of 3rd period - Samuel Bolduc is hit by Karson Kuhlman and loses puck.
16:45 of 3rd period - Samuel Bolduc from Americans is injured at 16:45 of 3rd period (Facial Surgery).
16:46 of 3rd period - Nathan Noel wins face-off versus Joel Kiviranta in Americans zone.
16:58 of 3rd period - Minor Penalty to Adam Ruzicka for Tripping.
16:59 of 3rd period - Ryan Fitzgerald wins face-off versus Oskar Lindblom in Punishers zone.
18:29 of 3rd period - Matt Grzelcyk is hit by Kole Lind and loses puck.
18:50 of 3rd period - Warren Foegele is hit by Dillon Heatherington and loses puck.
18:58 of 3rd period - Penalty to Adam Ruzicka is over, Adam Ruzicka is back on ice.
19:26 of 3rd period - Karson Kuhlman is hit by Jonas Brodin and loses puck.
Goals for this period are 2 for Americans vs 1 for Punishers.
Shots for this period are 9 for Americans vs 12 for Punishers.